 Dungeon Crawl Stone Soup version 0.24.1-5-g77f818bfca (webtiles) character file.

Game seed: 14408456370941565554, levelgen mode: deterministic

170 Descartes the Ducker (level 5, 0/25 HPs)
             Began as a Felid Monk on Apr 24, 2020.
             Succumbed to a worker ant's poison
             ... on level 4 of the Dungeon.
             The game lasted 00:06:43 (4447 turns).

Descartes the Ducker (Felid Monk)                   Turns: 4447, Time: 00:06:43

Health: 0/25       AC:  1    Str:  8    XL:     5   Next: 25%
Magic:  6/6        EV: 21    Int: 12    God:
Gold:   163        SH:  0    Dex: 18    Spells: 4/4 levels left
                                        Lives:  0   Deaths: 1

rFire    . . .     SeeInvis +     - Unarmed
rCold    . . .     Gourm    .   (shield unavailable)
rNeg     . . .     Faith    .   (armour unavailable)
rPois    .         Spirit   .   (helmet unavailable)
rElec    .         Reflect  .   (cloak unavailable)
rCorr    .         Harm     .   (gloves unavailable)
MR       .....                  (boots unavailable)
Stlth    +++.......             (no amulet)
HPRegen  0.08/turn              (no ring)
MPRegen  0.10/turn              (no ring)

@: lethally poisoned (0 -> -3), quick
A: very small, no armour, no weapons or thrown items, stealth, claws 1, fangs 3,
see invisible, carnivore, speed 1, shaggy fur 1, slow metabolism 1, sharp paws
a: no special abilities


You were on level 4 of the Dungeon.
You were very full.

You visited 1 branch of the dungeon, and saw 4 of its levels.

You collected 163 gold pieces.

Inventory:

Missiles
 e - 131 stones
 f - 55 arrows
Jewellery
 c - a cursed -2 ring of protection {unknown}
 j - an uncursed ring of ice {unknown}
Scrolls
 b - 3 scrolls of identify {unknown}
 d - 3 scrolls of immolation {unknown}
 h - 3 scrolls of noise {unknown}
 i - a scroll of blinking {unknown}
 l - 3 scrolls of remove curse {unknown}
 m - a scroll of enchant weapon {unknown}
 p - 3 scrolls of teleportation {unknown}
 q - a scroll of enchant armour {unknown}
 r - a scroll of fear {unknown}
Potions
 g - a potion of curing {unknown}
 k - a potion of flight {unknown}
 n - 2 potions of lignification {unknown}
 o - a potion of heal wounds {unknown}
Comestibles
 a - 7 rations


   Skills:
 + Level 3.9 Fighting
 + Level 5.3 Dodging
 + Level 4.6 Stealth
 * Level 4.8 Unarmed Combat


You had 4 spell levels left.
You didn't know any spells.
Your spell library contained the following spells:

 Spells                   Type           Power        Failure   Level  Hunger
 Corona                   Hex            #......      32%         1    ##.....
 Ensorcelled Hibernation  Hex/Ice        #.....       45%         2    ###....
 Confuse                  Hex            #.......     69%         3    ####...
 Dazzling Spray           Conj/Hex       #.....       69%         3    ####...
 Tukima's Dance           Hex            #.......     69%         3    ####...


Dungeon Overview and Level Annotations

Branches:
Dungeon (4/15)
 Temple: D:4-7

Altars:


Innate Abilities, Weirdness & Mutations

You cannot wear armour.
You are incapable of wielding weapons or throwing items.
Your paws allow you to move quietly. (Stealth)
You have sharp claws.
You have razor-sharp teeth.
You have supernaturally acute eyesight. (SInv)
You are carnivorous and can eat meat at any time.
You cover ground quickly.
You are covered in fur. (AC +1)
You have a slow metabolism.
Your sharp claws are effective at attacking unaware monsters.


Message History

The orc hits something with a +0 dagger.
The orc shouts!
An orc comes into view. It is wielding a +0 dagger.
You see here a hound corpse.
You butcher the hound corpse.
You feel sick.
An orc wizard comes into view. It is wielding a +0 dagger.
Things that are here:
3 chunks of flesh; a hound skeleton You feel sick.
There is an open door here.
You close the door.
You start resting.
You feel sick.
An orc opens the door.
You feel sick. The orc completely misses you.
You feel sick. The orc closely misses you. The orc hits you.
* * * LOW HITPOINT WARNING * * *
* * * LOW HITPOINT WARNING * * *
You feel sick.
You die...
P.PP......###....######.# .o$P.....## #.#.## $$$P....## #.### $$$P...## #o# PPPP#+#

#o# #.###.# #o#
#.###.# #.#
#.....#######.#
#........@..#
#.....#######
#......#
#...##.#
..#.###...##.#
#.........##.#
...###<#.##.#
#.#.##.#
#......#


There were no monsters in sight!

Vanquished Creatures
  A hound (D:4)
  Crazy Yiuf (D:2)
  2 worker ants
  Robin (D:3)
  6 adders
  An ooze (D:3)
  5 worms (D:2)
  2 dart slugs
  4 leopard geckos
  An orc (D:3)
  2 ball pythons
  5 bats
  2 giant cockroaches
  11 goblins
  10 hobgoblins
  5 jackals
  6 kobolds
  6 frilled lizards
  5 rats
  A fungus (D:2)
77 creatures vanquished.

Vanquished Creatures (others)
  2 toadstools (D:4)
2 creatures vanquished.

Grand Total: 79 creatures vanquished

Notes
Turn   | Place    | Note
-------+----------+-------------------------------------------
     0 | D:1      | Descartes the Felid Monk began the quest for the Orb.
     0 | D:1      | Reached XP level 1. HP: 10/10 MP: 2/2
   307 | D:1      | Reached XP level 2. HP: 11/14 MP: 3/3
  1225 | D:2      | Reached XP level 3. HP: 17/17 MP: 4/4
  2205 | D:2      | Reached XP level 4. HP: 12/21 MP: 5/5
  2924 | D:2      | Found a runed translucent door.
  2925 | D:2      | Noticed Crazy Yiuf
  2932 | D:2      | Killed Crazy Yiuf
  3154 | D:3      | Noticed Robin
  3202 | D:3      | Reached skill level 5 in Dodging
  3320 | D:3      | Reached XP level 5. HP: 24/24 MP: 6/6
  3530 | D:3      | Killed Robin
  3896 | D:3      | Killed from afar by an orc priest
  3897 | D:3      | Reached XP level 4. HP: -2/22 MP: 5/5
  4413 | D:4      | Reached XP level 5. HP: 25/25 MP: 6/6
  4442 | D:4      | HP: 1/25 [poisoned by a worker ant]
  4447 | D:4      | Succumbed to a worker ant's poison

Levels and vault maps discovered:
D:1:      minmay_arrival_radiant_lines, layout_loops_ring, st_stairs_6
D:2:      layout_basic, uniq_crazy_yiuf_cottage
D:3:      layout_loops_ring, minmay_cupped, uniq_robin
D:4:      layout_loops_corners, hangedman_abyss_or_decor_jellyfish_corner,
          minmay_gold_behind_fungi

Skill      XL: |  1  2  3  4 |
---------------+-------------+-----
Stealth        | 3 4 |  4.6
Unarmed Combat | 4 |  4.8
Dodging        | 5 |  5.3
Fighting       | |  3.9

Action                   |  1- 3 |  4- 6 || total
-------------------------+-------+-------++-------
Melee: Unarmed           |    99 |   167 ||   266
       Bite              |     8 |    16 ||    24
       Punch             |       |     3 ||     3
 Stab: Sleeping          |    13 |     8 ||    21
       Distracted        |     1 |     2 ||     3
  Eat: Chunk             |    10 |     8 ||    18
Armor: Skin              |     3 |     7 ||    10
Dodge: Dodged            |    65 |   134 ||   199
